← All builds
Tech / Armada / Economy first / OBSERVED BUILD

Standard tech

Armada Tech (Eco) build order · Supreme Isthmus

Rushes T2 by 4:15, gets Advanced Metal Extractor around 5:28, hands off T2 constructors to Geo and the team, then scales eco and supplies the team's T2 needs through the rest of the game.

Usually first T2 con to Geo (83%)

#eco #t2 #team support · 1602 distinct matches · 255 players · 60% of Armada Tech games · team won 53% of 1912 · Recently observed

HOW TO PLAY IT

Key timing: T2 factory by 4:15

  1. Open 3 mex and heavy wind to fund a fast T2 rush.
  2. Put down Bot Lab, planning to eat it for reclaim soon after.
  3. Get Advanced Bot Lab up, hitting the T2 factory rush timing.
  4. Upgrade mex to Advanced Metal Extractor to lock in team metal income.
  5. Eat Advanced Bot Lab and keep sending cons to Geo and Pond.

Phase by phase

TYPICAL OF ITS 1602 GAMES
  1. 1
  2. 2
  3. 3
  4. 4
PLAY THE OPENING

Follow the example game's first 6:00 step by step: what to build now, what comes next, and where it goes. At 1× it keeps pace with your own game.

  1. 1

    Up to the Bot Lab

    Economy
    • Metal Extractor3Mex
    • Wind Turbine4Wind
    Order
    1. Bot LabBot Lab after 3 mex, 4 winddone ~1:18, middle half 1:13–1:32

    Some games also: energy storage (31%)

    By 1:01 in all: 3 mex · 4 wind

    The example game in this phase · 4 steps
    1. Mex ×3
    2. Wind ×4
    3. Energy storage
    4. Bot LabBot Labdone 1:32 · typical 1:18
  2. 2

    Bot Lab to Advanced Bot Lab

    Economy
    • Metal Extractor1Mex
    • Wind Turbine8Wind
    • Energy Storage1Energy storage
    Order
    1. Advanced Bot LabAdvanced Bot Lab after 4 mex, 12 wind, 3 con turretdone ~4:16, middle half 4:04–4:30
    Builders
    • Construction Turret3 Con turret
    • Lazarus3 Lazarus
    • Construction Bot2 Con bot
    • Construction Bot1 Con bot for allies

    Some games also: converter (36%)

    By 3:18 in all: 4 mex · 12 wind · 1 energy storage · 3 con turret

    The example game in this phase · 15 steps
    1. LazarusLazarus
    2. Wind
    3. Construction BotCon bot
    4. Wind
    5. LazarusLazarus
    6. Construction BotCon botfor Air
    7. Wind
    8. LazarusLazarus
    9. Wind
    10. Mex
    11. Construction BotCon bot
    12. Wind
    13. LazarusLazarus
    14. Con turret ×3
    15. Advanced Bot LabAdvanced Bot Labdone 4:06 · typical 4:16
  3. 3

    Advanced Bot Lab to 5:00

    Economy
    • Wind Turbine3Wind
    Order
    1. Bot LabEat Bot Lab
    Builders
    • Advanced Construction Bot1 T2 con bot for allies

    Some games also: converter (35%)

    By 5:00 in all: 4 mex · 15 wind · 1 converter · 1 energy storage · 3 con turret

    The example game in this phase · 5 steps
    1. Bot LabEat Bot Labreclaimed for its metal
    2. Converter
    3. Advanced Construction BotT2 con botfor Geo
    4. Converter ×4
    5. Advanced Metal ExtractorT2 mex ×3done 5:07 · typical 5:29
  4. 4

    5:00 to 10:00

    Economy
    • Wind Turbine43Wind
    • Energy Converter6Converter
    Builders
    • Butler9 Butler
    • Advanced Construction Bot4 T2 con bot for allies
    • Advanced Construction Bot1 T2 con bot

    Some games also: con turret (43%) · Butler for allies (37%)

    By 10:00 in all: 4 mex · 58 wind · 8 converter · 1 energy storage · 3 con turret

    The example game in this phase · 170 steps
    1. Advanced Construction BotT2 con bot ×2for Air
    2. ButlerButler ×3
    3. Wind
    4. Advanced Metal ExtractorT2 mex
    5. Advanced Construction BotT2 con botfor Pond
    6. Wind
    7. ButlerButlerfor Geo sea
    8. Wind
    9. ButlerButlerfor Geo sea
    10. Wind
    11. ButlerButlerfor Beach sea
    12. Wind
    13. Advanced Construction BotT2 con botfor Beach sea
    14. Wind
    15. ButlerButlerfor Beach sea
    16. Wind
    17. ButlerButler
    18. Wind
    19. ButlerButler
    20. Wind ×2
    21. ButlerButler
    22. Wind ×2
    23. ButlerButler
    24. Wind ×4
    25. ButlerButler
    26. Wind ×3
    27. ButlerButler
    28. Wind
    29. Converter
    30. Wind ×2
    31. SharpshooterSniper botdone 8:42
    32. Wind ×8
    33. FatboyFatboyfor Suicide frontdone 9:30
    34. Wind ×4
    35. Converter
    36. Wind ×2
    37. Converter
    38. Wind ×4
    39. Converter ×2
    40. Wind ×4
    41. Converter
    42. Wind ×2
    43. Converter ×2
    44. Wind ×2
    45. ButlerButler
    46. Wind
    47. Converter
    48. Wind
    49. ButlerButler
    50. Wind
    51. Converter
    52. Wind
    53. Converter
    54. Wind ×2
    55. ButlerButler
    56. Converter
    57. Wind ×2
    58. Converter
    59. ButlerButler
    60. Wind ×2
    61. Converter
    62. ButlerButler
    63. Wind ×2
    64. Converter
    65. ButlerButler
    66. Wind ×2
    67. Converter
    68. ButlerButler
    69. Wind
    70. Converter
    71. Wind
    72. Converter
    73. Wind
    74. ButlerButler
    75. Wind
    76. Converter ×2
    77. Wind ×2
    78. ButlerButler
    79. Wind ×4
    80. Converter ×2
    81. ButlerButler
    82. Wind ×5
    83. Converter
    84. Wind
    85. Converter
    86. Wind ×7
    87. UmbrellaAnti-nukedone 11:46
    88. Wind ×2
    89. Converter
    90. Wind ×6
    91. Converter
    92. Wind ×5
    93. Converter
    94. Wind ×9
    95. Converter
    96. Wind ×5
    97. Converter
    98. Wind ×10
    99. Converter
    100. Wind ×5
    101. Converter
    102. Advanced Construction BotT2 con bot
    103. Wind ×4
    104. Converter
    105. Con turret
    106. Wind ×3
    107. Converter
    108. Con turret
    109. Converter
    110. Con turret
    111. Converter
    112. Wind ×4
    113. Con turret
    114. Wind ×2
    115. Converter
    116. Wind
    117. Advanced Construction BotT2 con bot
    118. Wind
    119. Con turret
    120. Wind
    121. Converter
    122. Wind ×3
    123. Converter
    124. Wind ×7
    125. Converter
    126. Wind ×9
    127. Converter
    128. Wind ×6
    129. RattlesnakeRattlesnakedone 14:17
    130. Wind ×4
    131. Converter
    132. Wind ×7
    133. Fusion ReactorFusionnot finished by 15:00
    134. Wind ×3
    135. Converter
    136. Wind ×7
    137. Converter
    138. Wind
    139. Converter
    140. Wind ×2
    141. Converter
    142. Metal storage
    143. Converter
    144. Wind
    145. Converter
    146. Wind ×2
    147. Converter
    148. Wind ×4
    149. ArbalestArbalest
    150. Wind
    151. Converter ×3
    152. Wind
    153. FerretFerret
    154. Wind
    155. Converter
    156. Wind ×9
    157. Converter
    158. Wind
    159. Converter
    160. Wind ×7
    161. ArbalestArbalest
    162. Wind ×5
    163. Converter
    164. Wind ×5
    165. Con turret
    166. Wind ×2
    167. Converter
    168. Wind
    169. Converter
    170. Wind ×2

Counts are medians over the build's games: half of them build more, half fewer. The example game is Lexosis's (37 OS, 13/10/2026); pick another.

Team trades

IN AT LEAST 30% OF ITS GAMES

You hand over

  • Construction Bot1 Con bot to Airfirst at 2:23 · in 84% of games
  • Advanced Construction Bot5 T2 con bot to Air or Geo sea or Pondfirst at 4:50 · in 99% of games
  • Butler2 Butler to Geo sea or Beach sea or Pondfirst at 9:06 · in 42% of games

You get

  • Hercules1 Light transport from Airfirst at 4:01 · in 86% of games

How it plays out

Typical game of this build, running totals by minute

Metal produced

020k40k
0:005:0010:0015:00

metal

Enemy metal destroyed

050100150
0:005:0010:0015:00

metal

Own metal lost

050100150
0:005:0010:0015:00

metal

1912 games.

Show as table
ByMetal produced: This buildEnemy metal destroyed: This buildOwn metal lost: This build
1:0038300
2:0091500
3:00165200
4:00314400
5:00484800
6:00579900
7:00722700
8:00906500
9:001118000
10:001352000
11:001624200
12:001965200
13:002343000
14:0027286074
15:0031503108130
WHAT THE NUMBERS SAY

Standard Tech play barely fights at all early, instead pouring metal into T2 infrastructure and constructors for the team.

  • + Metal produced hits 31679 by 15:00, by far the highest of any role here.
  • + T2 factory reached in 97% of games by 4:15, fastest and most reliable T2 timing.
  • − Enemy metal destroyed stays at 0 through 10:00, no early offense at all.
  • − Own metal lost also near 0, showing total avoidance of combat risk.
THE EXAMPLE YOU ARE READING

Lexosis

37.1 OS · 13/10/2026

Open source match ↗

3 received units
2018 metal received · 87363 energy received

Allied construction assistance is unknown. Timings are observations, not a promise of solo reproducibility.

Typical milestones

Bot Lab1:18Middle 50%: 1:13–1:32 · n=1912
Advanced Bot Lab4:16Middle 50%: 4:04–4:30 · n=1905
Advanced Metal Extractor5:29Middle 50%: 5:05–5:59 · n=1908

Played most by

Amrissa97games of this buildTheGeneraI70games of this buildAdeus57games of this buildEl_Turco55games of this buildKOT_44games of this build
Standard tech · Armada Tech (Eco) build order · BAR Build Atlas